Sabres vs Predators
(R1)
Created - 22 janvier 2017 at 19:37
Goals
|
| Sabres |
1 |
1 |
2 |
0 |
1 |
5 |
| Predators |
0 |
1 |
3 |
0 |
0 |
4 |
|
Shots
|
| Sabres |
11 |
8 |
11 |
1 |
4 |
31 |
| Predators |
6 |
8 |
16 |
3 |
4 |
33 |
|
1st period
1. Sabres , Jason Pominville 17 (Zach Parise, Jordan Leopold) at 19:47
Penalties :
Zack Kassian (Buf) for Cross-checking (Minor) at 1:19, Enver Lisin (Buf) for Hooking (Minor) at 7:40
2nd period
2. Predators , Ryan Kesler 21 (Alexander Ovechkin, Byron Bitz) at 16:02 (PP)
3. Sabres , J.T. Miller 6 (Jaromir Jagr, Andrew Cogliano) at 19:47
Penalties :
Jason Pominville (Buf) for Elbowing (Minor) at 12:43, Matt Martin (Buf) for High sticking (Minor) at 15:26, Matt Martin (Buf) for Hooking (Minor) at 16:56
3rd period
4. Predators , Steve Begin 2 (Andy Miele) at 2:44
5. Predators , Ryan Kesler 22 (Alexander Steen) at 3:25
6. Sabres , J.T. Miller 7 (Enver Lisin) at 4:48
7. Sabres , Jason Pominville 18 (Rob Scuderi, Andrew Cogliano) at 10:31 (SH)
8. Predators , Bobby Sanguinetti 1 (Byron Bitz, Ryan Kesler) at 13:16 (PP)
Penalties :
Zach Bogosian (Buf) for Cross-checking (Minor) at 0:03, Byron Bitz (Nas) for Slashing (Minor) at 5:05, Danny Richmond (Buf) for Roughing (Minor) at 5:12, Randy Jones (Buf) for Interference (Minor) at 9:29, Brandon Sutter (Buf) for Kneeing (Minor) at 13:06
Overtime #1
No Goal
Penalties :
No Penalty
Shootout
Penalty Shot by Zach Parise for Sabres - Stopped by Maxime Daigneault
Penalty Shot by Andy Miele for Predators - Stopped by Robin Lehner
Penalty Shot by Andrew Cogliano for Sabres - Stopped by Maxime Daigneault
Penalty Shot by Ryan Kesler for Predators - Stopped by Robin Lehner
Penalty Shot by Jason Pominville for Sabres - Stopped by Maxime Daigneault
Penalty Shot by Alexander Ovechkin for Predators - Shot Misses the Net
Penalty Shot by Jaromir Jagr for Sabres - Goal!
Penalty Shot by Alexander Steen for Predators - Stopped by Robin Lehner
Penalties :
No Penalty
Goalie Stats
Robin Lehner (Buf), 29 saves from 33 shots - (0,879), W, 15-16-2, 65:00 minutes
Maxime Daigneault (Nas), 27 saves from 31 shots - (0,871), OTL, 7-10-3, 65:00 minutes
Players Stats for Sabres
Player Name G A P +/- PIM S H SB GA TA FO MP PP MP PK MP
------------------------------------------------------------------------------------
Andrew Cogliano 0 2 2 0 0 2 1 2 2 0 2/8 21:01 0:00 7:56
Boyd Devereaux 0 0 0 0 0 0 0 0 1 0 8/15 16:28 0:00 7:43
Brandon Sutter 0 0 0 0 2 1 0 1 0 0 6/12 18:11 0:00 1:06
Danny Richmond 0 0 0 0 2 1 0 0 0 1 0/0 19:20 0:06 4:21
Enver Lisin 0 1 1 1 2 4 2 0 2 0 0/0 14:56 0:00 0:00
J.T. Miller 2 0 2 1 0 3 2 0 0 0 17/28 21:51 0:07 1:57
Jakub Kindl 0 0 0 0 0 0 0 0 0 0 0/0 16:08 0:00 0:05
Jaromir Jagr 0 1 1 0 0 1 0 0 0 0 0/1 8:36 0:00 0:00
Jason Pominville 2 0 2 1 2 6 0 0 0 1 1/2 16:38 0:07 2:09
Jordan Leopold 0 1 1 1 0 1 2 1 0 1 0/0 23:52 0:00 8:21
Matt Martin 0 0 0 1 4 1 3 0 0 0 2/4 15:49 0:00 0:00
Michael Haley 0 0 0 1 0 0 1 0 0 0 0/0 11:37 0:00 3:11
Randy Jones 0 0 0 0 2 0 1 4 0 2 0/0 15:25 0:00 0:50
Rob Scuderi 0 1 1 2 0 2 3 4 0 2 0/0 29:45 0:00 8:21
Ryan O'Reilly 0 0 0 0 0 0 0 0 0 0 0/1 2:31 0:00 0:00
Zach Bogosian 0 0 0 1 2 4 1 3 1 1 0/0 25:10 0:07 3:34
Zach Parise 0 1 1 0 0 4 4 1 0 0 0/2 20:14 0:07 1:34
Zack Kassian 0 0 0 0 2 1 0 0 1 1 1/1 7:40 0:00 0:00
Players Stats for Predators
Player Name G A P +/- PIM S H SB GA TA FO MP PP MP PK MP
------------------------------------------------------------------------------------
Adam Burish 0 0 0 1 0 5 1 1 2 0 2/2 20:52 5:30 0:00
Alexander Edler 0 0 0 0 0 4 2 2 2 0 0/0 30:11 8:02 0:07
Alexander Ovechkin 0 1 1 -2 0 2 3 1 1 0 6/10 26:22 7:22 0:00
Alexander Steen 0 1 1 1 0 0 2 0 0 0 0/0 17:24 5:25 0:00
Andy Miele 0 1 1 1 0 0 0 0 1 0 2/6 8:33 0:00 0:00
Bobby Sanguinetti 1 0 1 0 0 1 4 1 1 1 0/0 24:55 7:57 0:00
Brett Clark 0 0 0 0 0 0 0 1 0 2 0/0 16:40 0:00 0:00
Byron Bitz 0 2 2 -2 2 4 3 1 1 0 0/1 24:39 7:11 0:00
Christian Ehrhoff 0 0 0 -2 0 0 0 1 0 0 0/0 18:09 4:45 0:00
David Jones 0 0 0 1 0 2 1 0 0 1 0/0 10:21 0:11 0:07
Frans Nielsen 0 0 0 -2 0 4 1 0 0 0 0/3 14:30 5:25 0:00
James Van Riemsdyk 0 0 0 -2 0 2 1 0 0 0 0/0 9:19 0:00 0:00
John Moore 0 0 0 -1 0 0 1 1 0 0 0/0 11:29 0:00 0:00
Kris Vernarsky 0 0 0 -1 0 0 1 0 0 0 12/26 17:10 0:11 0:00
Ryan Kesler 2 1 3 0 0 6 6 0 0 1 15/25 20:44 7:06 0:07
Ryan Mcdonagh 0 0 0 -1 0 2 4 3 0 1 0/0 28:36 4:50 0:07
Shane Doan 0 0 0 -2 0 0 0 0 0 0 0/1 9:33 0:00 0:00
Steve Begin 1 0 1 1 0 1 0 0 1 1 0/0 8:33 0:00 0:00
3 Stars
1 - Ryan Kesler (Nas)
2 - J.T. Miller (Buf)
3 - Jason Pominville (Buf)
Power Play
Sabres - 0 on 1 Attempt(s) - 0,00%
Predators - 2 on 9 Attempt(s) - 22,22%
Penalty Kill
Sabres - 7 on 9 Attempt(s) - 77,78%
- Score 1 goal in Penalty Kill
Predators - 1 on 1 Attempt(s) - 100,00%
- Score 0 goal in Penalty Kill
Team Stat
Sabres - Hits : 20 - Faceoff Wins : 37 - Blocked Shots : 16 - Penalty Minutes : 18
Predators - Hits : 30 - Faceoff Wins : 37 - Blocked Shots : 12 - Penalty Minutes : 2
Official
Referees : Meier Brad and Kozari Steve
Linesman : Greg Devorski and Mark Wheler
Game Notes
Ryan O'Reilly is injured at 14:57 of 1st period (Head)
Finance
Level 1 -- Attendance: 5554 (92,57%) -- Ticket Income 472 090 $
Level 2 -- Attendance: 4676 (93,52%) -- Ticket Income 233 800 $
Level 3 -- Attendance: 1715 (85,75%) -- Ticket Income 51 450 $
Level 4 -- Attendance: 2655 (66,38%) -- Ticket Income 63 720 $
Luxury Box -- Attendance: 728 (72,80%) -- Ticket Income 127 400 $
Game was played at the Wildcat center.
Total Attendance: 15328 (85,16%)
Total Ticket Income: 948 460 $
Other Income: 142 269 $
Total Income: 1 090 729 $
Sabres
5 vs 5 Forward
Center Left Wing Right Wing Time % Phy DF OF
1 Brandon Sutter Zach Parise Jason Pominville 28 1 2 2
2 J.T. Miller Andrew Cogliano Jaromir Jagr 28 0 3 2
3 Ryan O'Reilly Matt Martin Enver Lisin 28 1 3 1
4 Boyd Devereaux Michael Haley Zack Kassian 16 1 3 1
5 vs 5 Defense
Defense Defense Time % Phy DF OF
1 Rob Scuderi Zach Bogosian 40 1 3 1
2 Danny Richmond Jordan Leopold 30 1 3 1
3 Randy Jones Jakub Kindl 30 1 3 1
4 Randy Jones Jakub Kindl 0 1 3 1
PowerPlay Forward
Center Left Wing Right Wing Time % Phy DF OF
1 J.T. Miller Zach Parise Jason Pominville 65 1 1 3
2 Ryan O'Reilly Andrew Cogliano Zack Kassian 35 2 1 2
PowerPlay Defense
Defense Defense Time % Phy DF OF
1 Danny Richmond Zach Bogosian 75 1 1 3
2 Randy Jones Jordan Leopold 25 1 2 2
Penalty Kill 4 Players Forward
Center Wing Time % Phy DF OF
1 Boyd Devereaux Andrew Cogliano 75 1 4 0
2 Brandon Sutter Zach Parise 25 1 4 0
Penalty Kill 4 Players Defense
Defense Defense Time % Phy DF OF
1 Rob Scuderi Jordan Leopold 75 1 4 0
2 Danny Richmond Zach Bogosian 25 1 4 0
Penalty Kill - 3 Players Forward
Forward Time % Phy DF OF
1 Boyd Devereaux 50 0 5 0
2 Brandon Sutter 50 0 5 0
Penalty Kill - 3 Players Defense
Defense Defense Time % Phy DF OF
1 Jordan Leopold Rob Scuderi 75 1 4 0
2 Danny Richmond Randy Jones 25 1 4 0
4 vs 4 Forward
Center Wing Time % Phy DF OF
1 Andrew Cogliano Zach Parise 75 1 1 3
2 Jason Pominville Enver Lisin 25 1 3 1
4 vs 4 Defense
Defense Defense Time % Phy DF OF
1 Rob Scuderi Jordan Leopold 50 1 3 1
2 Danny Richmond Zach Bogosian 50 1 2 2
Last Minutes Offensive
Center Left Wing Right Wing Defense Defense
Andrew Cogliano Zach Parise Jason Pominville Danny Richmond Zach Bogosian
Last Minutes Defensive
Center Left Wing Right Wing Defense Defense
Andrew Cogliano Zach Parise Jason Pominville Danny Richmond Rob Scuderi
Goaltenders
Starting : Robin Lehner
Backup : Jonas Hiller
Extra Forwards
Normal : Ryan O'Reilly, Matt Martin, J.T. Miller - PP : Enver Lisin, Jaromir Jagr - PK : Jason Pominville
Extra Defensemen
Normal : Jakub Kindl, Randy Jones, Jordan Leopold - PP : Jakub Kindl - PK : Randy Jones, Jakub Kindl
Penalty Shots
Zach Parise, Andrew Cogliano, Jason Pominville, Jaromir Jagr, Enver Lisin
Predators
5 vs 5 Forward
Center Left Wing Right Wing Time % Phy DF OF
1 Kris Vernarsky Alexander Ovechkin Byron Bitz 37 1 2 2
2 Ryan Kesler Alexander Steen Adam Burish 33 1 2 2
3 Frans Nielsen James Van Riemsdyk Shane Doan 17 1 2 2
4 Andy Miele Steve Begin David Jones 13 1 2 2
5 vs 5 Defense
Defense Defense Time % Phy DF OF
1 Alexander Edler Ryan Mcdonagh 37 1 2 2
2 Bobby Sanguinetti Brett Clark 33 1 2 2
3 Christian Ehrhoff John Moore 20 1 2 2
4 Alexander Edler Ryan Mcdonagh 10 1 2 2
PowerPlay Forward
Center Left Wing Right Wing Time % Phy DF OF
1 Ryan Kesler Alexander Ovechkin Byron Bitz 60 1 0 4
2 Frans Nielsen Alexander Steen Adam Burish 40 0 0 5
PowerPlay Defense
Defense Defense Time % Phy DF OF
1 Bobby Sanguinetti Alexander Edler 60 1 1 3
2 Christian Ehrhoff Ryan Mcdonagh 40 1 1 3
Penalty Kill 4 Players Forward
Center Wing Time % Phy DF OF
1 Ryan Kesler Byron Bitz 60 1 2 2
2 Frans Nielsen Adam Burish 40 1 2 2
Penalty Kill 4 Players Defense
Defense Defense Time % Phy DF OF
1 Alexander Edler Ryan Mcdonagh 60 2 2 1
2 John Moore Brett Clark 40 1 3 1
Penalty Kill - 3 Players Forward
Forward Time % Phy DF OF
1 Byron Bitz 60 0 4 1
2 Frans Nielsen 40 0 4 1
Penalty Kill - 3 Players Defense
Defense Defense Time % Phy DF OF
1 Alexander Edler Ryan Mcdonagh 60 2 3 0
2 John Moore Brett Clark 40 1 4 0
4 vs 4 Forward
Center Wing Time % Phy DF OF
1 Alexander Ovechkin Byron Bitz 60 1 2 2
2 Ryan Kesler Adam Burish 40 1 2 2
4 vs 4 Defense
Defense Defense Time % Phy DF OF
1 Alexander Edler Ryan Mcdonagh 60 1 2 2
2 Bobby Sanguinetti Brett Clark 40 1 2 2
Last Minutes Offensive
Center Left Wing Right Wing Defense Defense
Ryan Kesler Alexander Ovechkin Byron Bitz Alexander Edler Ryan Mcdonagh
Last Minutes Defensive
Center Left Wing Right Wing Defense Defense
Ryan Kesler Frans Nielsen Byron Bitz Ryan Mcdonagh Brett Clark
Goaltenders
Starting : Maxime Daigneault
Backup : Steve Mason
Extra Forwards
Normal : Adam Burish, Kris Vernarsky, David Jones - PP : Adam Burish, Kris Vernarsky - PK : David Jones
Extra Defensemen
Normal : Bobby Sanguinetti, John Moore, Brett Clark - PP : Bobby Sanguinetti - PK : John Moore, Brett Clark
Penalty Shots
Andy Miele, Ryan Kesler, Alexander Ovechkin, Alexander Steen, Christian Ehrhoff
% Time on Ice - Sabres
Lines # - Real PCT - Wanted PCT - Time Play
Normal Forward
1 - 33% - 28% - 14:58
2 - 20% - 28% - 9:04
3 - 31% - 28% - 13:51
4 - 16% - 16% - 7:21
Normal Defense
1 - 41% - 40% - 18:43
2 - 29% - 30% - 13:18
3 - 29% - 30% - 13:13
4 - 0% - 0% - 0:00
PP Forward
1 - 100% - 65% - 0:07
2 - 0% - 35% - 0:00
PP Defense
1 - 100% - 75% - 0:07
2 - 0% - 25% - 0:00
PK Forward
1 - 93% - 75% - 11:54
2 - 7% - 25% - 0:53
PK Defense
1 - 66% - 75% - 8:24
2 - 34% - 25% - 4:23
PK3 Forward
1 - 0% - 50%
2 - 0% - 50%
PK3 Defense
1 - 0% - 75%
2 - 0% - 25%
44 Forward
1 - 94% - 75% - 6:28
2 - 6% - 25% - 0:24
44 Defense
1 - 59% - 50% - 4:02
2 - 41% - 50% - 2:50
Last Minute Offensive - 0:00
Last Minute Defensive - 0:00
Total
Forward - 65:00
Defense - 65:00
|
% Time on Ice - Predators
Lines # - Real PCT - Wanted PCT - Time Play
Normal Forward
1 - 35% - 37% - 15:38
2 - 26% - 33% - 11:44
3 - 21% - 17% - 9:19
4 - 19% - 13% - 8:33
Normal Defense
1 - 37% - 37% - 16:50
2 - 35% - 33% - 15:58
3 - 24% - 20% - 10:57
4 - 3% - 10% - 1:29
PP Forward
1 - 58% - 60% - 7:22
2 - 42% - 40% - 5:25
PP Defense
1 - 63% - 60% - 8:02
2 - 37% - 40% - 4:45
PK Forward
1 - 100% - 60% - 0:07
2 - 0% - 40% - 0:00
PK Defense
1 - 100% - 60% - 0:07
2 - 0% - 40% - 0:00
PK3 Forward
1 - 0% - 60%
2 - 0% - 40%
PK3 Defense
1 - 0% - 60%
2 - 0% - 40%
44 Forward
1 - 75% - 60% - 5:07
2 - 25% - 40% - 1:45
44 Defense
1 - 59% - 60% - 4:04
2 - 41% - 40% - 2:48
Last Minute Offensive - 0:00
Last Minute Defensive - 0:00
Total
Forward - 65:00
Defense - 65:00
|
Play by Play
1st period
0:01 of 1st period - Kris Vernarsky wins face-off versus Brandon Sutter in neutral zone.
0:49 of 1st period - Snap shot by Enver Lisin.
0:49 of 1st period - Stopped by Maxime Daigneault with a rebound.
0:57 of 1st period - Slapshot by Enver Lisin.
0:57 of 1st period - Stopped by Maxime Daigneault without a rebound.
0:58 of 1st period - Boyd Devereaux wins face-off versus Andy Miele in Predators zone.
1:19 of 1st period - Minor Penalty to Zack Kassian for Cross-checking.
1:20 of 1st period - Boyd Devereaux wins face-off versus Ryan Kesler in Sabres zone.
1:46 of 1st period - Boyd Devereaux is hit by Bobby Sanguinetti and loses puck.
2:04 of 1st period - Off-side.
2:05 of 1st period - Ryan Kesler wins face-off versus Brandon Sutter in neutral zone.
2:26 of 1st period - Icing by Bobby Sanguinetti.
2:27 of 1st period - Boyd Devereaux wins face-off versus Frans Nielsen in Predators zone.
2:46 of 1st period - Boyd Devereaux is hit by Ryan Kesler and loses puck.
2:56 of 1st period - Off-side.
2:57 of 1st period - Brandon Sutter wins face-off versus Frans Nielsen in neutral zone.
3:19 of 1st period - Penalty to Zack Kassian is over, Zack Kassian is back on ice.
5:01 of 1st period - Snap shot by Steve Begin.
5:01 of 1st period - Deflect By Andy Miele.
5:01 of 1st period - Shot Blocked by Randy Jones.
5:01 of 1st period - Puck is out of play.
5:02 of 1st period - Boyd Devereaux wins face-off versus Andy Miele in Sabres zone.
5:29 of 1st period - Wrist shot by Jason Pominville.
5:29 of 1st period - Stopped by Maxime Daigneault with a rebound.
6:49 of 1st period - Snap shot by Zack Kassian.
6:49 of 1st period - Stopped by Maxime Daigneault with a rebound.
6:51 of 1st period - Slapshot by Rob Scuderi.
6:51 of 1st period - Deflect By Zach Parise.
6:51 of 1st period - Shot Misses the Net.
6:51 of 1st period - Puck is out of play.
6:52 of 1st period - Brandon Sutter wins face-off versus Andy Miele in Predators zone.
7:40 of 1st period - Minor Penalty to Enver Lisin for Hooking.
7:41 of 1st period - Ryan Kesler wins face-off versus Boyd Devereaux in Sabres zone.
8:13 of 1st period - Backhand shot by Adam Burish.
8:13 of 1st period - Shot Misses the Net.
8:41 of 1st period - Frans Nielsen is hit by Zach Bogosian.
9:40 of 1st period - Penalty to Enver Lisin is over, Enver Lisin is back on ice.
9:41 of 1st period - Jordan Leopold is hit by Alexander Steen and loses puck.
10:13 of 1st period - Jakub Kindl is hit by John Moore.
10:24 of 1st period - Icing by Andrew Cogliano.
10:25 of 1st period - J.T. Miller wins face-off versus Andy Miele in Sabres zone.
10:31 of 1st period - Slapshot by Jakub Kindl.
10:31 of 1st period - Shot Misses the Net.
10:43 of 1st period - Boyd Devereaux is hit by Alexander Ovechkin and loses puck.
10:52 of 1st period - Snap shot by Alexander Ovechkin.
10:52 of 1st period - Deflect By Byron Bitz.
10:52 of 1st period - Stopped by Robin Lehner with a rebound.
11:04 of 1st period - Randy Jones is hit by Bobby Sanguinetti and loses puck.
11:09 of 1st period - Wrist shot by Frans Nielsen.
11:09 of 1st period - Stopped by Robin Lehner with a rebound.
11:11 of 1st period - Slapshot by John Moore.
11:11 of 1st period - Shot Blocked by Brandon Sutter.
12:51 of 1st period - Slapshot by Zach Bogosian.
12:51 of 1st period - Shot Blocked by Alexander Ovechkin.
13:22 of 1st period - Icing by Danny Richmond.
13:23 of 1st period - Andy Miele wins face-off versus Zach Parise in Sabres zone.
13:24 of 1st period - Slapshot by Steve Begin.
13:24 of 1st period - Shot Misses the Net.
13:32 of 1st period - Snap shot by Steve Begin.
13:32 of 1st period - Shot Blocked by Zach Parise.
13:51 of 1st period - Snap shot by Zach Parise.
13:51 of 1st period - Stopped by Maxime Daigneault with a rebound.
13:53 of 1st period - Snap shot by Brandon Sutter.
13:53 of 1st period - Shot Blocked by Alexander Edler.
13:59 of 1st period - Wrist shot by Zach Parise.
13:59 of 1st period - Stopped by Maxime Daigneault without a rebound.
14:00 of 1st period - Kris Vernarsky wins face-off versus Ryan O'Reilly in Predators zone.
14:00 of 1st period - Kris Vernarsky is hit by Randy Jones.
14:28 of 1st period - Snap shot by Boyd Devereaux.
14:28 of 1st period - Deflect By Michael Haley.
14:28 of 1st period - Shot Misses the Net.
14:28 of 1st period - Puck is out of play.
14:29 of 1st period - Zack Kassian wins face-off versus Ryan Kesler in Predators zone.
14:42 of 1st period - Snap shot by Boyd Devereaux.
14:42 of 1st period - Shot Blocked by Alexander Edler.
14:56 of 1st period - Ryan O'Reilly is hit by James Van Riemsdyk and loses puck.
14:57 of 1st period - Ryan O'Reilly from Sabres is injured at 14:57 of 1st period (Head).
14:58 of 1st period - J.T. Miller wins face-off versus Kris Vernarsky in Sabres zone.
14:58 of 1st period - J.T. Miller is hit by Alexander Ovechkin.
15:14 of 1st period - Snap shot by Zach Bogosian.
15:14 of 1st period - Deflect By Alexander Ovechkin.
15:14 of 1st period - Stopped by Maxime Daigneault with a rebound.
15:29 of 1st period - Snap shot by Ryan Kesler.
15:29 of 1st period - Shot Misses the Net.
15:31 of 1st period - Wrist shot by Ryan Kesler.
15:31 of 1st period - Shot Misses the Net.
16:09 of 1st period - Slapshot by Enver Lisin.
16:09 of 1st period - Shot Misses the Net.
16:25 of 1st period - Wrist shot by Frans Nielsen.
16:25 of 1st period - Shot Misses the Net.
16:29 of 1st period - Wrist shot by Frans Nielsen.
16:29 of 1st period - Stopped by Robin Lehner with a rebound.
16:37 of 1st period - Snap shot by Frans Nielsen.
16:37 of 1st period - Stopped by Robin Lehner with a rebound.
16:39 of 1st period - Slapshot by Alexander Edler.
16:39 of 1st period - Shot Blocked by Randy Jones.
16:41 of 1st period - Slapshot by Alexander Edler.
16:41 of 1st period - Shot Misses the Net.
16:43 of 1st period - Wrist shot by Frans Nielsen.
16:43 of 1st period - Stopped by Robin Lehner with a rebound.
16:45 of 1st period - Slapshot by James Van Riemsdyk.
16:45 of 1st period - Stopped by Robin Lehner without a rebound.
16:46 of 1st period - Brandon Sutter wins face-off versus Kris Vernarsky in Sabres zone.
16:46 of 1st period - Brandon Sutter is hit by Bobby Sanguinetti.
16:58 of 1st period - Slapshot by Zach Parise.
16:58 of 1st period - Deflect By Jason Pominville.
16:58 of 1st period - Deflect By Alexander Ovechkin.
16:58 of 1st period - Stopped by Maxime Daigneault with a rebound.
18:28 of 1st period - Off-side.
18:29 of 1st period - J.T. Miller wins face-off versus Kris Vernarsky in neutral zone.
18:32 of 1st period - Slapshot by Zach Bogosian.
18:32 of 1st period - Shot Blocked by Ryan Mcdonagh.
18:38 of 1st period - Matt Martin is hit by Byron Bitz and loses puck.
19:15 of 1st period - Snap shot by Jason Pominville.
19:15 of 1st period - Stopped by Maxime Daigneault with a rebound.
19:17 of 1st period - Snap shot by Zach Parise.
19:17 of 1st period - Shot Blocked by John Moore.
19:33 of 1st period - Wrist shot by Zach Parise.
19:33 of 1st period - Shot Misses the Net.
19:39 of 1st period - Snap shot by Zach Parise.
19:39 of 1st period - Stopped by Maxime Daigneault with a rebound.
19:47 of 1st period - Snap shot by Zach Parise.
19:47 of 1st period - Deflect By Jason Pominville.
19:47 of 1st period - Goal by Jason Pominville - Sabres : 1 - Predators : 0.
19:48 of 1st period - J.T. Miller wins face-off versus Kris Vernarsky in neutral zone.
19:51 of 1st period - Slapshot by Andrew Cogliano.
19:51 of 1st period - Shot Misses the Net.
19:58 of 1st period - Icing by Alexander Edler.
19:59 of 1st period - Kris Vernarsky wins face-off versus J.T. Miller in Predators zone.
Goals for this period are 1 for Sabres vs 0 for Predators.
Shots for this period are 11 for Sabres vs 6 for Predators.
2nd period
0:01 of 2nd period - Kris Vernarsky wins face-off versus Jaromir Jagr in neutral zone.
0:14 of 2nd period - Wrist shot by Andrew Cogliano.
0:14 of 2nd period - Shot Misses the Net.
0:16 of 2nd period - Slapshot by Rob Scuderi.
0:16 of 2nd period - Shot Misses the Net.
0:26 of 2nd period - Backhand shot by Danny Richmond.
0:26 of 2nd period - Shot Blocked by Ryan Mcdonagh.
0:50 of 2nd period - Ryan Mcdonagh is hit by Zach Parise and loses puck.
1:07 of 2nd period - Wrist shot by Steve Begin.
1:07 of 2nd period - Shot Misses the Net.
1:24 of 2nd period - Off-side.
1:25 of 2nd period - J.T. Miller wins face-off versus Kris Vernarsky in neutral zone.
2:03 of 2nd period - Snap shot by Zach Parise.
2:03 of 2nd period - Shot Misses the Net.
2:23 of 2nd period - Snap shot by Zack Kassian.
2:23 of 2nd period - Shot Misses the Net.
3:20 of 2nd period - Wrist shot by Ryan Kesler.
3:20 of 2nd period - Shot Misses the Net.
4:50 of 2nd period - Enver Lisin is hit by Kris Vernarsky.
5:05 of 2nd period - Brandon Sutter is hit by Adam Burish and loses puck.
5:16 of 2nd period - Danny Richmond is hit by Ryan Kesler and loses puck.
5:46 of 2nd period - Wrist shot by Jason Pominville.
5:46 of 2nd period - Stopped by Maxime Daigneault without a rebound.
5:47 of 2nd period - Kris Vernarsky wins face-off versus J.T. Miller in Predators zone.
6:33 of 2nd period - Snap shot by Zack Kassian.
6:33 of 2nd period - Shot Blocked by Christian Ehrhoff.
6:53 of 2nd period - Wrist shot by Jaromir Jagr.
6:53 of 2nd period - Deflect By Boyd Devereaux.
6:53 of 2nd period - Deflect By Ryan Kesler.
6:53 of 2nd period - Shot Misses the Net.
6:53 of 2nd period - Puck is out of play.
6:54 of 2nd period - Kris Vernarsky wins face-off versus Boyd Devereaux in Predators zone.
7:01 of 2nd period - Wrist shot by Alexander Edler.
7:01 of 2nd period - Deflect By Kris Vernarsky.
7:01 of 2nd period - Shot Misses the Net.
7:01 of 2nd period - Puck is out of play.
7:02 of 2nd period - Kris Vernarsky wins face-off versus J.T. Miller in Sabres zone.
7:27 of 2nd period - Alexander Ovechkin is hit by Zach Parise and loses puck.
7:50 of 2nd period - Backhand shot by Adam Burish.
7:50 of 2nd period - Stopped by Robin Lehner without a rebound.
7:51 of 2nd period - J.T. Miller wins face-off versus Ryan Kesler in Sabres zone.
7:51 of 2nd period - J.T. Miller is hit by Ryan Kesler.
7:54 of 2nd period - Icing by Enver Lisin.
7:55 of 2nd period - J.T. Miller wins face-off versus Ryan Kesler in Sabres zone.
8:20 of 2nd period - Slapshot by Ryan Kesler.
8:20 of 2nd period - Stopped by Robin Lehner without a rebound.
8:21 of 2nd period - Alexander Ovechkin wins face-off versus Jason Pominville in Sabres zone.
8:24 of 2nd period - Snap shot by Byron Bitz.
8:24 of 2nd period - Shot Misses the Net.
9:12 of 2nd period - Slapshot by Andrew Cogliano.
9:12 of 2nd period - Shot Blocked by Bobby Sanguinetti.
10:29 of 2nd period - Alexander Steen is hit by Michael Haley and loses puck.
11:33 of 2nd period - Snap shot by Alexander Edler.
11:33 of 2nd period - Stopped by Robin Lehner without a rebound.
11:34 of 2nd period - J.T. Miller wins face-off versus Kris Vernarsky in Sabres zone.
11:34 of 2nd period - J.T. Miller is hit by Ryan Mcdonagh.
11:39 of 2nd period - Off-side.
11:40 of 2nd period - Matt Martin wins face-off versus Kris Vernarsky in neutral zone.
11:43 of 2nd period - Slapshot by Rob Scuderi.
11:43 of 2nd period - Stopped by Maxime Daigneault without a rebound.
11:44 of 2nd period - J.T. Miller wins face-off versus Kris Vernarsky in Predators zone.
11:45 of 2nd period - Slapshot by Zach Bogosian.
11:45 of 2nd period - Stopped by Maxime Daigneault without a rebound.
11:46 of 2nd period - Kris Vernarsky wins face-off versus J.T. Miller in Predators zone.
11:46 of 2nd period - Kris Vernarsky is hit by Enver Lisin.
12:21 of 2nd period - Off-side.
12:22 of 2nd period - Ryan Kesler wins face-off versus Brandon Sutter in neutral zone.
12:37 of 2nd period - Wrist shot by Ryan Kesler.
12:37 of 2nd period - Stopped by Robin Lehner with a rebound.
12:43 of 2nd period - Minor Penalty to Jason Pominville for Elbowing.
12:44 of 2nd period - Ryan Kesler wins face-off versus Andrew Cogliano in Sabres zone.
12:49 of 2nd period - Snap shot by Alexander Ovechkin.
12:49 of 2nd period - Shot Misses the Net.
13:09 of 2nd period - Boyd Devereaux is hit by Alexander Edler and loses puck.
13:34 of 2nd period - J.T. Miller is hit by Alexander Ovechkin and loses puck.
14:43 of 2nd period - Penalty to Jason Pominville is over, Jason Pominville is back on ice.
14:57 of 2nd period - Slapshot by Enver Lisin.
14:57 of 2nd period - Shot Misses the Net.
15:26 of 2nd period - Minor Penalty to Matt Martin for High sticking.
15:27 of 2nd period - Ryan Kesler wins face-off versus Boyd Devereaux in Sabres zone.
16:00 of 2nd period - Wrist shot by Alexander Ovechkin.
16:00 of 2nd period - Shot Misses the Net.
16:02 of 2nd period - Snap shot by Ryan Kesler.
16:02 of 2nd period - Goal by Ryan Kesler - Sabres : 1 - Predators : 1.
16:03 of 2nd period - Ryan Kesler wins face-off versus J.T. Miller in neutral zone.
16:10 of 2nd period - Snap shot by Ryan Kesler.
16:10 of 2nd period - Shot Blocked by Randy Jones.
16:12 of 2nd period - Wrist shot by Ryan Kesler.
16:12 of 2nd period - Stopped by Robin Lehner without a rebound.
16:13 of 2nd period - J.T. Miller wins face-off versus Ryan Kesler in Sabres zone.
16:34 of 2nd period - Snap shot by Ryan Kesler.
16:34 of 2nd period - Stopped by Robin Lehner with a rebound.
16:38 of 2nd period - Snap shot by Alexander Edler.
16:38 of 2nd period - Shot Blocked by Randy Jones.
16:40 of 2nd period - Snap shot by Alexander Edler.
16:40 of 2nd period - Stopped by Robin Lehner without a rebound.
16:41 of 2nd period - J.T. Miller wins face-off versus Kris Vernarsky in Sabres zone.
16:56 of 2nd period - Minor Penalty to Matt Martin for Hooking.
16:57 of 2nd period - Boyd Devereaux wins face-off versus Byron Bitz in Sabres zone.
16:57 of 2nd period - Boyd Devereaux is hit by Byron Bitz.
17:27 of 2nd period - Rob Scuderi is hit by Frans Nielsen and loses puck.
18:38 of 2nd period - Byron Bitz is hit by Zach Parise and loses puck.
18:56 of 2nd period - Penalty to Matt Martin is over, Matt Martin is back on ice.
19:05 of 2nd period - Andy Miele is hit by J.T. Miller and loses puck.
19:10 of 2nd period - Snap shot by Enver Lisin.
19:10 of 2nd period - Stopped by Maxime Daigneault without a rebound.
19:11 of 2nd period - Brandon Sutter wins face-off versus Frans Nielsen in Predators zone.
19:41 of 2nd period - Snap shot by Enver Lisin.
19:41 of 2nd period - Stopped by Maxime Daigneault with a rebound.
19:43 of 2nd period - Wrist shot by J.T. Miller.
19:43 of 2nd period - Stopped by Maxime Daigneault without a rebound.
19:44 of 2nd period - J.T. Miller wins face-off versus Kris Vernarsky in Predators zone.
19:45 of 2nd period - Snap shot by Andrew Cogliano.
19:45 of 2nd period - Deflect By Jaromir Jagr.
19:45 of 2nd period - Stopped by Maxime Daigneault with a rebound.
19:47 of 2nd period - Snap shot by J.T. Miller.
19:47 of 2nd period - Goal by J.T. Miller - Sabres : 2 - Predators : 1.
19:48 of 2nd period - Kris Vernarsky wins face-off versus J.T. Miller in neutral zone.
Goals for this period are 1 for Sabres vs 1 for Predators.
Shots for this period are 8 for Sabres vs 8 for Predators.
3rd period
0:01 of 3rd period - J.T. Miller wins face-off versus Kris Vernarsky in neutral zone.
0:03 of 3rd period - Minor Penalty to Zach Bogosian for Cross-checking.
0:04 of 3rd period - Ryan Kesler wins face-off versus Boyd Devereaux in Sabres zone.
0:14 of 3rd period - Slapshot by Alexander Edler.
0:14 of 3rd period - Shot Misses the Net.
0:16 of 3rd period - Slapshot by Bobby Sanguinetti.
0:16 of 3rd period - Shot Blocked by Jordan Leopold.
0:34 of 3rd period - Snap shot by Frans Nielsen.
0:34 of 3rd period - Shot Blocked by Rob Scuderi.
0:36 of 3rd period - Backhand shot by Frans Nielsen.
0:36 of 3rd period - Shot Misses the Net.
2:03 of 3rd period - Penalty to Zach Bogosian is over, Zach Bogosian is back on ice.
2:19 of 3rd period - Matt Martin is hit by David Jones and loses puck.
2:40 of 3rd period - Snap shot by James Van Riemsdyk.
2:40 of 3rd period - Stopped by Robin Lehner without a rebound.
2:41 of 3rd period - Andy Miele wins face-off versus Brandon Sutter in Sabres zone.
2:44 of 3rd period - Wrist shot by Steve Begin.
2:44 of 3rd period - Goal by Steve Begin - Sabres : 2 - Predators : 2.
2:45 of 3rd period - Brandon Sutter wins face-off versus Kris Vernarsky in neutral zone.
2:50 of 3rd period - Wrist shot by Jason Pominville.
2:50 of 3rd period - Shot Misses the Net.
3:06 of 3rd period - Alexander Ovechkin is hit by Zach Parise and loses puck.
3:21 of 3rd period - Wrist shot by Byron Bitz.
3:21 of 3rd period - Deflect By Kris Vernarsky.
3:21 of 3rd period - Shot Blocked by Zach Bogosian.
3:21 of 3rd period - Puck is out of play.
3:22 of 3rd period - Ryan Kesler wins face-off versus J.T. Miller in Sabres zone.
3:25 of 3rd period - Slapshot by Ryan Kesler.
3:25 of 3rd period - Goal by Ryan Kesler - Sabres : 2 - Predators : 3.
3:26 of 3rd period - J.T. Miller wins face-off versus Kris Vernarsky in neutral zone.
3:52 of 3rd period - Enver Lisin is hit by Ryan Mcdonagh and loses puck.
4:13 of 3rd period - Slapshot by Jordan Leopold.
4:13 of 3rd period - Stopped by Maxime Daigneault with a rebound.
4:15 of 3rd period - Slapshot by Danny Richmond.
4:15 of 3rd period - Stopped by Maxime Daigneault with a rebound.
4:17 of 3rd period - Snap shot by Danny Richmond.
4:17 of 3rd period - Shot Misses the Net.
4:33 of 3rd period - Randy Jones is hit by Bobby Sanguinetti and loses puck.
4:48 of 3rd period - Snap shot by J.T. Miller.
4:48 of 3rd period - Goal by J.T. Miller - Sabres : 3 - Predators : 3.
4:49 of 3rd period - Kris Vernarsky wins face-off versus J.T. Miller in neutral zone.
4:54 of 3rd period - Snap shot by Alexander Ovechkin.
4:54 of 3rd period - Deflect By Byron Bitz.
4:54 of 3rd period - Stopped by Robin Lehner without a rebound.
4:55 of 3rd period - J.T. Miller wins face-off versus Alexander Ovechkin in Sabres zone.
5:05 of 3rd period - Minor Penalty to Byron Bitz for Slashing.
5:06 of 3rd period - Ryan Kesler wins face-off versus J.T. Miller in Predators zone.
5:12 of 3rd period - Minor Penalty to Danny Richmond for Roughing.
5:13 of 3rd period - Alexander Ovechkin wins face-off versus Andrew Cogliano in Sabres zone.
5:14 of 3rd period - Slapshot by Alexander Edler.
5:14 of 3rd period - Shot Blocked by Rob Scuderi.
5:27 of 3rd period - Slapshot by Ryan Mcdonagh.
5:27 of 3rd period - Stopped by Robin Lehner without a rebound.
5:28 of 3rd period - Andrew Cogliano wins face-off versus Alexander Ovechkin in Sabres zone.
5:41 of 3rd period - Snap shot by Andrew Cogliano.
5:41 of 3rd period - Stopped by Maxime Daigneault with a rebound.
6:22 of 3rd period - Icing by Brett Clark.
6:23 of 3rd period - Adam Burish wins face-off versus Matt Martin in Predators zone.
6:23 of 3rd period - Adam Burish is hit by J.T. Miller.
6:31 of 3rd period - Slapshot by Brett Clark.
6:31 of 3rd period - Shot Misses the Net.
6:33 of 3rd period - Slapshot by David Jones.
6:33 of 3rd period - Stopped by Robin Lehner without a rebound.
6:34 of 3rd period - Alexander Ovechkin wins face-off versus Andrew Cogliano in Sabres zone.
6:39 of 3rd period - Slapshot by Alexander Edler.
6:39 of 3rd period - Stopped by Robin Lehner without a rebound.
6:40 of 3rd period - Adam Burish wins face-off versus Andrew Cogliano in Sabres zone.
6:43 of 3rd period - Backhand shot by Alexander Edler.
6:43 of 3rd period - Stopped by Robin Lehner without a rebound.
6:44 of 3rd period - Andrew Cogliano wins face-off versus Alexander Ovechkin in Sabres zone.
6:44 of 3rd period - Andrew Cogliano is hit by Ryan Mcdonagh.
6:50 of 3rd period - Adam Burish is hit by Jordan Leopold and loses puck.
6:59 of 3rd period - Snap shot by Adam Burish.
6:59 of 3rd period - Stopped by Robin Lehner with a rebound.
7:01 of 3rd period - Snap shot by Adam Burish.
7:01 of 3rd period - Stopped by Robin Lehner with a rebound.
7:05 of 3rd period - Penalty to Byron Bitz is over, Byron Bitz is back on ice.
7:09 of 3rd period - Wrist shot by Adam Burish.
7:09 of 3rd period - Stopped by Robin Lehner without a rebound.
7:10 of 3rd period - Boyd Devereaux wins face-off versus Ryan Kesler in Sabres zone.
7:10 of 3rd period - Boyd Devereaux is hit by Ryan Kesler.
7:12 of 3rd period - Penalty to Danny Richmond is over, Danny Richmond is back on ice.
7:13 of 3rd period - Icing by Andrew Cogliano.
7:14 of 3rd period - Ryan Kesler wins face-off versus Boyd Devereaux in Sabres zone.
7:23 of 3rd period - Snap shot by Byron Bitz.
7:23 of 3rd period - Shot Hit the Post.
7:25 of 3rd period - Snap shot by Byron Bitz.
7:25 of 3rd period - Deflect By Ryan Kesler.
7:25 of 3rd period - Shot Blocked by Rob Scuderi.
7:25 of 3rd period - Puck is out of play.
7:26 of 3rd period - J.T. Miller wins face-off versus Ryan Kesler in Sabres zone.
7:44 of 3rd period - Zach Bogosian is hit by Ryan Kesler.
8:06 of 3rd period - Slapshot by Alexander Ovechkin.
8:06 of 3rd period - Stopped by Robin Lehner with a rebound.
8:12 of 3rd period - Ryan Mcdonagh is hit by Matt Martin and loses puck.
8:17 of 3rd period - Slapshot by Zach Bogosian.
8:17 of 3rd period - Stopped by Maxime Daigneault without a rebound.
8:18 of 3rd period - Ryan Kesler wins face-off versus Brandon Sutter in Predators zone.
8:27 of 3rd period - Jordan Leopold is hit by Alexander Steen and loses puck.
8:55 of 3rd period - Christian Ehrhoff is hit by Jordan Leopold and loses puck.
9:06 of 3rd period - Snap shot by Enver Lisin.
9:06 of 3rd period - Deflect By Matt Martin.
9:06 of 3rd period - Stopped by Maxime Daigneault without a rebound.
9:07 of 3rd period - Kris Vernarsky wins face-off versus J.T. Miller in Predators zone.
9:07 of 3rd period - Kris Vernarsky is hit by Enver Lisin.
9:29 of 3rd period - Minor Penalty to Randy Jones for Interference.
9:30 of 3rd period - Ryan Kesler wins face-off versus Boyd Devereaux in Sabres zone.
9:31 of 3rd period - Snap shot by Alexander Ovechkin.
9:31 of 3rd period - Shot Blocked by Andrew Cogliano.
9:43 of 3rd period - Slapshot by Bobby Sanguinetti.
9:43 of 3rd period - Shot Misses the Net.
9:45 of 3rd period - Snap shot by Byron Bitz.
9:45 of 3rd period - Stopped by Robin Lehner without a rebound.
9:46 of 3rd period - Boyd Devereaux wins face-off versus Ryan Kesler in Sabres zone.
10:13 of 3rd period - Boyd Devereaux is hit by Alexander Edler.
10:29 of 3rd period - Snap shot by Rob Scuderi.
10:29 of 3rd period - Shot Misses the Net.
10:31 of 3rd period - Slapshot by Jason Pominville.
10:31 of 3rd period - Goal by Jason Pominville - Sabres : 4 - Predators : 3.
10:32 of 3rd period - Boyd Devereaux wins face-off versus Ryan Kesler in neutral zone.
10:47 of 3rd period - Slapshot by Alexander Edler.
10:47 of 3rd period - Shot Misses the Net.
11:29 of 3rd period - Penalty to Randy Jones is over, Randy Jones is back on ice.
11:58 of 3rd period - Backhand shot by Zach Parise.
11:58 of 3rd period - Stopped by Maxime Daigneault with a rebound.
12:00 of 3rd period - Wrist shot by Brandon Sutter.
12:00 of 3rd period - Shot Misses the Net.
12:02 of 3rd period - Slapshot by Jakub Kindl.
12:02 of 3rd period - Shot Blocked by Ryan Mcdonagh.
12:25 of 3rd period - Off-side.
12:26 of 3rd period - J.T. Miller wins face-off versus Ryan Kesler in neutral zone.
13:06 of 3rd period - Minor Penalty to Brandon Sutter for Kneeing.
13:07 of 3rd period - Ryan Kesler wins face-off versus Boyd Devereaux in Sabres zone.
13:14 of 3rd period - Slapshot by Byron Bitz.
13:14 of 3rd period - Stopped by Robin Lehner with a rebound.
13:16 of 3rd period - Slapshot by Bobby Sanguinetti.
13:16 of 3rd period - Goal by Bobby Sanguinetti - Sabres : 4 - Predators : 4.
13:17 of 3rd period - Ryan Kesler wins face-off versus J.T. Miller in neutral zone.
13:32 of 3rd period - Slapshot by Rob Scuderi.
13:32 of 3rd period - Shot Blocked by Adam Burish.
13:34 of 3rd period - Slapshot by Rob Scuderi.
13:34 of 3rd period - Stopped by Maxime Daigneault with a rebound.
13:44 of 3rd period - Jason Pominville is hit by Ryan Mcdonagh and loses puck.
14:54 of 3rd period - Off-side.
14:55 of 3rd period - Brandon Sutter wins face-off versus Kris Vernarsky in neutral zone.
15:22 of 3rd period - Shane Doan is hit by Matt Martin.
17:19 of 3rd period - Jakub Kindl is hit by Byron Bitz and loses puck.
17:38 of 3rd period - Andrew Cogliano is hit by Ryan Kesler and loses puck.
18:27 of 3rd period - Wrist shot by Alexander Ovechkin.
18:27 of 3rd period - Stopped by Robin Lehner without a rebound.
18:28 of 3rd period - Kris Vernarsky wins face-off versus Brandon Sutter in Sabres zone.
18:56 of 3rd period - Slapshot by Zach Bogosian.
18:56 of 3rd period - Stopped by Maxime Daigneault with a rebound.
19:16 of 3rd period - Snap shot by Brandon Sutter.
19:16 of 3rd period - Stopped by Maxime Daigneault with a rebound.
19:43 of 3rd period - Backhand shot by Byron Bitz.
19:43 of 3rd period - Shot Misses the Net.
19:45 of 3rd period - Slapshot by Ryan Mcdonagh.
19:45 of 3rd period - Deflect By Kris Vernarsky.
19:45 of 3rd period - Shot Blocked by Zach Bogosian.
19:45 of 3rd period - Puck is out of play.
19:46 of 3rd period - Matt Martin wins face-off versus Shane Doan in Sabres zone.
Goals for this period are 2 for Sabres vs 3 for Predators.
Shots for this period are 11 for Sabres vs 16 for Predators.
Overtime #1
0:01 of 1st overtime period - Alexander Ovechkin wins face-off versus Andrew Cogliano in neutral zone.
0:10 of 1st overtime period - Snap shot by Zach Parise.
0:10 of 1st overtime period - Shot Misses the Net.
0:12 of 1st overtime period - Backhand shot by Andrew Cogliano.
0:12 of 1st overtime period - Deflect By Zach Parise.
0:12 of 1st overtime period - Shot Blocked by Byron Bitz.
0:12 of 1st overtime period - Puck is out of play.
0:13 of 1st overtime period - Alexander Ovechkin wins face-off versus Andrew Cogliano in Predators zone.
0:13 of 1st overtime period - Alexander Ovechkin is hit by Andrew Cogliano.
0:25 of 1st overtime period - Wrist shot by Alexander Ovechkin.
0:25 of 1st overtime period - Shot Misses the Net.
0:27 of 1st overtime period - Wrist shot by Alexander Ovechkin.
0:27 of 1st overtime period - Shot Blocked by Rob Scuderi.
0:29 of 1st overtime period - Slapshot by Byron Bitz.
0:29 of 1st overtime period - Shot Blocked by Andrew Cogliano.
1:01 of 1st overtime period - Wrist shot by Adam Burish.
1:01 of 1st overtime period - Stopped by Robin Lehner without a rebound.
1:02 of 1st overtime period - Ryan Kesler wins face-off versus Zach Parise in Sabres zone.
1:17 of 1st overtime period - Wrist shot by Ryan Kesler.
1:17 of 1st overtime period - Shot Blocked by Zach Bogosian.
1:52 of 1st overtime period - Slapshot by Zach Parise.
1:52 of 1st overtime period - Shot Blocked by Brett Clark.
2:36 of 1st overtime period - Wrist shot by Andrew Cogliano.
2:36 of 1st overtime period - Stopped by Maxime Daigneault without a rebound.
2:37 of 1st overtime period - Jason Pominville wins face-off versus Alexander Ovechkin in Predators zone.
2:46 of 1st overtime period - Snap shot by Enver Lisin.
2:46 of 1st overtime period - Shot Misses the Net.
2:54 of 1st overtime period - Slapshot by Ryan Mcdonagh.
2:54 of 1st overtime period - Stopped by Robin Lehner with a rebound.
3:04 of 1st overtime period - Ryan Mcdonagh is hit by Matt Martin.
3:14 of 1st overtime period - Alexander Ovechkin is hit by Rob Scuderi and loses puck.
3:40 of 1st overtime period - Snap shot by Alexander Edler.
3:40 of 1st overtime period - Deflect By David Jones.
3:40 of 1st overtime period - Stopped by Robin Lehner with a rebound.
4:01 of 1st overtime period - Icing by Matt Martin.
4:02 of 1st overtime period - Alexander Ovechkin wins face-off versus Matt Martin in Sabres zone.
4:25 of 1st overtime period - Brett Clark is hit by Rob Scuderi and loses puck.
4:52 of 1st overtime period - Adam Burish is hit by Rob Scuderi and loses puck.
Goals for this period are 0 for Sabres vs 0 for Predators.
Shots for this period are 1 for Sabres vs 3 for Predators.
ShootOut
5:00 of 1st overtime period - Penalty Shot by Zach Parise for Sabres.
5:00 of 1st overtime period - Snap shot by Zach Parise.
5:00 of 1st overtime period - Stopped by Maxime Daigneault.
5:00 of 1st overtime period - Penalty Shot by Andy Miele for Predators.
5:00 of 1st overtime period - Backhand shot by Andy Miele.
5:00 of 1st overtime period - Stopped by Robin Lehner.
5:00 of 1st overtime period - Penalty Shot by Andrew Cogliano for Sabres.
5:00 of 1st overtime period - Deke by Andrew Cogliano.
5:00 of 1st overtime period - Stopped by Maxime Daigneault.
5:00 of 1st overtime period - Penalty Shot by Ryan Kesler for Predators.
5:00 of 1st overtime period - Deke by Ryan Kesler.
5:00 of 1st overtime period - Stopped by Robin Lehner.
5:00 of 1st overtime period - Penalty Shot by Jason Pominville for Sabres.
5:00 of 1st overtime period - Deke by Jason Pominville.
5:00 of 1st overtime period - Stopped by Maxime Daigneault.
5:00 of 1st overtime period - Penalty Shot by Alexander Ovechkin for Predators.
5:00 of 1st overtime period - Snap shot by Alexander Ovechkin.
5:00 of 1st overtime period - Shot Misses the Net.
5:00 of 1st overtime period - Penalty Shot by Jaromir Jagr for Sabres.
5:00 of 1st overtime period - Backhand shot by Jaromir Jagr.
5:00 of 1st overtime period - Goal by Jaromir Jagr.
5:00 of 1st overtime period - Penalty Shot by Alexander Steen for Predators.
5:00 of 1st overtime period - Wrist shot by Alexander Steen.
5:00 of 1st overtime period - Stopped by Robin Lehner.
Back to the Top